 Dungeon Crawl Stone Soup version 0.31-a0-217-g58bb5d79cf (webtiles) character file.

Game seed: 3557924861726507683

46 qw the Chopper (level 3, -1/23 HPs)
             Began as a Gargoyle Fighter on July 2, 2023.
             Slain by Ijyb
             ... wielding a +2 club
              (5 damage)
             ... on level 3 of the Dungeon.
             The game lasted 00:00:49 (1936 turns).

qw the Chopper (Gargoyle Fighter)                   Turns: 1936, Time: 00:00:49

Health: -1/23      AC: 13    Str: 27    XL:     3   Next: 66%
Magic:  3/3        EV:  8    Int:  8    God:
Gold:   52         SH:  4    Dex:  9    Spells: 2/2 levels left

rFire   . . .        Y - +1 war axe
rCold   + . .        c - +0 buckler
rNeg    + . .        e - +1 chain mail {rC+}
rPois   inf          (no helmet)
rElec   +            (no cloak)
rCorr   .            (no gloves)
SInv    .            (no boots)
Will    .....        (no amulet) Stlth
                     b - +6 ring of strength
HPRegen 0.23/turn    (no ring)
MPRegen 0.08/turn

%: no passive effects
@: no status effects
A: sickness immunity, AC +3, negative energy resistance 1, electricity
resistance, torment resistance 1, petrification resistance
a: no special abilities


You were on level 3 of the Dungeon.
You visited 1 branch of the dungeon, and saw 4 of its levels.

You collected 76 gold pieces.
You spent 24 gold pieces at shops.


Innate Abilities, Weirdness & Mutations

You are immune to sickness and miasma.
Your stone body is resilient. (AC +3)
You are immune to poison.
You resist negative energy. (rN+)
You are resistant to electric shocks. (rElec)
You are resistant to unholy torment.
You are immune to petrification.


   Skills:
 - Level 3.2 Fighting
 + Level 3.5 Axes
 - Level 3.2 Armour
 - Level 3.2 Shields


You had 2 spell levels left.
You didn't know any spells.
Your spell library was empty.

Inventory:

Hand Weapons
 o - a +0 flail
 Y - a +1 war axe (weapon)
Armour
 c - a +0 buckler (worn)
 e - a +1 chain mail of cold resistance (worn)
 k - a +0 plate armour
Jewellery
 b - a +6 ring of strength (left hand)
 q - a ring of magical power
Scrolls
 f - a scroll of teleportation
 j - a scroll of identify
Potions
 a - a potion of mutation {unknown}
 d - a potion of might
 g - 2 potions of haste
 h - a potion of brilliance {unknown}
 i - a potion of lignification {unknown}
 l - 2 potions of enlightenment {unknown}
 m - a potion of curing
 n - a potion of heal wounds {unknown}
 p - a potion of degeneration {unknown}

Dungeon Overview and Level Annotations

Branches:
Dungeon (4/15)
 Temple: D:4-7

Altars:

Shops:
D:2 ?

Annotations:
D:3 Ijyb


Message History

You swing at nothing.
You swing at nothing.
You swing at nothing.
You hear a zap.
You suddenly lose the ability to move!
You hear a zap.
You shrug off the repeated paralysis!
You hear a zap.
Something tries to affect you, but you resist.
You hear a zap.
Something tries to affect you, but you resist.
You can move again.
You swing at nothing.
You swing at nothing.
You closely miss something. Something hits you but does no damage.
Something hits you.
You hit something but do no damage. Something hits you but does no damage.
You barely miss something. Something hits you but does no damage.
You closely miss something. Something hits you but does no damage.
You hear a zap.
You suddenly lose the ability to move!
Something hits you but does no damage. Something hits you.
You can move again.
You hit something but do no damage. Something hits you but does no damage.
You hit something but do no damage. Something hits you.
You completely miss something. Something hits you.
Something hits you but does no damage.
You barely miss something. Something completely misses you.
You hit something. Something hits you.
You hit something but do no damage. Something hits you.
You die...

...... ..# ..# ######
### #.# . #.# .# #.# .#
###########.# .#
..........#.# .#####
.############.#.# ......
................#
...#### ####.@..###.###
......# #.##.# #.#
....#.# #. #.# #.#######
....#.# #. #.# #.......#
....#.# #. #.# ##.###.##
#####.### #.##.# ##.#
........########.#.#
#.##
#####.#.#......#.#####.#
...#..).....##. #.##


There were no monsters in sight!

Vanquished Creatures
  A worm (D:2)
  2 dart slugs (D:1)
  4 endoplasms
  8 giant cockroaches
  A goblin (D:1)
  A hobgoblin (D:1)
  6 kobolds
  A quokka (D:1)
  2 ball pythons (D:1)
  4 bats
  6 frilled lizards
  A rat (D:1)
37 creatures vanquished.

Notes
Turn   | Place    | Note
-------+----------+-------------------------------------------
     0 | D:1      | qw the Gargoyle Fighter began the quest for the Orb.
     0 | D:1      | Reached XP level 1. HP: 14/14 MP: 1/1
     0 | D:1      | 0 ||| qw: Version: 0.3-a-40-ge99b1a8
     0 | D:1      | 0 ||| qw: Game counter: 157
     0 | D:1      | 0 ||| qw: Melee chars always use a shield: true
     0 | D:1      | 0 ||| qw: God list: Okawaru
     0 | D:1      | 0 ||| qw: Allow faded altars: false
     0 | D:1      | 0 ||| qw: Do Orc after clearing Dungeon:15 true
     0 | D:1      | 0 ||| qw: Do second Lair branch before Depths: true
     0 | D:1      | 0 ||| qw: Lair rune preference: random
     0 | D:1      | 0 ||| qw: Goals: Normal, Zot:1-4, Slime:5, God:TSO, Crypt,
                  | Tomb, Abyss, Pan, Hells, Win
     0 | D:1      | 0 ||| PLANNING D:1-11
   269 | D:1      | Reached XP level 2. HP: 19/19 MP: 2/2
   315 | D:1      | 315 ||| Stepping ~*~*~tactically~*~*~ (hiding).
   462 | D:1      | 462 ||| DROPPING +0 club.
   562 | D:1      | 562 ||| Stepping ~*~*~tactically~*~*~ (hiding).
   572 | D:1      | Reached skill level 3 in Axes
   638 | D:1      | Found a faded altar of an unknown god.
   739 | D:1      | 739 ||| Stepping ~*~*~tactically~*~*~ (hiding).
   745 | D:1      | Reached XP level 3. HP: 20/23 MP: 3/3
   840 | D:1      | 840 ||| UPGRADING to +1 chain mail of cold resistance.
   850 | D:1      | 850 ||| DROPPING +0 scale mail.
   851 | D:1      | 851 ||| READING 2 scrolls labelled ZAKETEV USUDGH.
   852 | D:1      | 852 ||| READING scroll labelled QUULIH DIYNKEN.
   853 | D:1      | 853 ||| READING scroll labelled MAEXZE HORCH.
   854 | D:1      | 854 ||| READING scroll labelled WYSUYBRODE.
   855 | D:1      | 855 ||| DRINKING 2 bubbling green potions.
   856 | D:1      | 856 ||| DROPPING scroll of amnesia.
  1167 | D:2      | Found Datenura's Magic Scroll Boutique.
  1170 | D:2      | 1170 ||| SHOPLISTING scroll of enchant armour (90 gold,
                  | have 59).
  1170 | D:2      | 1170 ||| BUYING scroll of identify (24 gold).
  1170 | D:2      | Bought a scroll of identify for 24 gold pieces
  1170 | D:2      | 1170 ||| SHOPLISTING scroll of teleportation (36 gold, have
                  | 35).
  1363 | D:2      | 1363 ||| DROPPING +0 whip.
  1607 | D:2      | 1607 ||| UPGRADING to +6 ring of strength.
  1608 | D:2      | 1608 ||| READING scroll labelled FAOSTYZIYDD.
  1612 | D:2      | 1612 ||| READING scroll labelled WIMERPHIURU.
  1613 | D:2      | 1613 ||| DRINKING 3 black potions.
  1701 | D:3      | You fall into a shaft and drop 1 floor!
  1915 | D:3      | Noticed Ijyb
  1918 | D:3      | Paralysed by something for 5 turns
  1928 | D:3      | Paralysed by something for 3 turns
  1935 | D:3      | HP: 4/23 [something (5)]
  1936 | D:3      | Slain by Ijyb

Levels and vault maps discovered:
D:1:      onia_arrival_pyramid, layout_loops_ring,
          nicolae_ecumenical_lake_church
D:2:      layout_basic, serial_shops, nicolae_shop_tiny_real_fake_doors,
          chequers_serial_rivers_small_a, kennysheep_boxes
D:3:      layout_basic, kennysheep_vampire_church, grunt_decor_clamped,
          uniq_ijyb
D:4:      minmay_spotlight, layout_loops_ring, nicolae_qazlal_beasts_of_the_sky

Skill      XL: |  1  2 |
---------------+-------+-----
Axes           | 2 3 |  3.5
Fighting       | |  3.2
Armour         | |  3.2
Shields        | |  3.2

Action                     || total
---------------------------++-------
  Melee: War axe           ||    90
    Use: Scroll            ||     6
         Potion            ||     2
 Armour: Scale mail        ||    23
         Chain mail        ||    24
  Dodge: Dodged            ||    40
  Block: Buckler           ||    11

Table legend:
 A = Non-vault XP
 B = Vault XP
 C = Vault XP percentage of total XP
 D = Non-vault monster count
 E = Vault monster count
 F = Vault count percentage of total count
                 A         B        C        D         E       F
            +---------+---------+-------+---------+---------+-------
      Total |      66 |       0 |   0.0 |      37 |       0 |   0.0
            +---------+---------+-------+---------+---------+-------
        D:1 |      36 |       0 |   0.0 |      20 |       0 |   0.0
        D:2 |      16 |       0 |   0.0 |       8 |       0 |   0.0
        D:3 |      14 |       0 |   0.0 |       9 |       0 |   0.0
            +---------+---------+-------+---------+---------+-------
